 Seeded DCSS version 0.28.0-47-ge53b351184 (webtiles) character file.

Game seed: 523019199727972820 (custom seed)

608 thiscave3701365 the Chopper (level 7, -9/62 HPs)
             Began as a Minotaur Berserker on May 9, 2022.
             Was a Priest of Trog.
             Mangled by Menkaure (20 damage)
             ... on level 4 of the Dungeon.
             The game lasted 00:02:21 (5634 turns).

thiscave3701365 the Chopper (Minotaur Berserker)    Turns: 5634, Time: 00:02:22

Health: -9/62      AC:  9    Str: 23    XL:     7   Next: 19%
Magic:  6/6        EV:  9    Int:  4    God:    Trog [***...]
Gold:   210        SH:  0    Dex: 10    Spells: 6/6 levels left

rFire   . . .      SeeInvis .   a - +0 hand axe
rCold   . . .      Faith    .   (no shield)
rNeg    . . .      Spirit   .   n - +0 chain mail
rPois   .          Reflect  .   (helmet restricted)
rElec   .          Harm     .   (no cloak)
rCorr   .          Rampage  .   (no gloves)
Will    .....                   (no boots)
Stlth   ..........              (no amulet)
HPRegen 0.20/turn               (no ring)
MPRegen 0.10/turn               (no ring)

@: no status effects
A: horns 2, retaliatory headbutt
a: Renounce Religion, Berserk, Trog's Hand


You were on level 4 of the Dungeon.
You worshipped Trog.
Trog was most pleased with you.
You visited 1 branch of the dungeon, and saw 5 of its levels.

You collected 210 gold pieces.

Inventory:

Hand Weapons
 a - a +0 hand axe (weapon)
Missiles
 j - 2 throwing nets
Armour
 n - a +0 chain mail (worn)
Jewellery
 h - an amulet of faith
 i - a ring of poison resistance
 r - an amulet of guardian spirit
Wands
 s - a wand of polymorph (2)
Scrolls
 b - a scroll of blinking {unknown}
 c - 2 scrolls of fog {unknown}
 e - 4 scrolls of teleportation {unknown}
 k - 4 scrolls of identify {unknown}
 l - a scroll of amnesia {unknown}
 m - a scroll of fear {unknown}
 o - 2 scrolls of vulnerability {unknown}
Potions
 d - a potion of curing {unknown}
 f - a potion of berserk rage {unknown}
 g - a potion of resistance {unknown}
 p - a potion of invisibility {unknown}
 q - 2 potions of might {unknown}
 t - a potion of heal wounds {unknown}


   Skills:
 + Level 5.9 Fighting
 + Level 5.9 Axes
 + Level 5.1 Armour
 + Level 4.7 Dodging


You had 6 spell levels left.
You didn't know any spells.
Your spell library was empty.

Dungeon Overview and Level Annotations

Branches:
Dungeon (5/15)             Temple (0/1) D:4

Altars:
Ashenzari

Annotations:
D:3 3 runed translucent doors, Arandomuser85's ghost, weakling DEAE
D:4 Menkaure


Innate Abilities, Weirdness & Mutations

You have a pair of horns on your head.
You reflexively headbutt those who attack you in melee.


Message History

Level annotation: Menkaure The orc wizard casts a spell at you.
You are confused.
There is a stone staircase leading up, spattered with blood here.
Menkaure barely misses you. Menkaure hits you!
You climb upwards.
There is a stone staircase leading down here.
You are too confused!
Unknown command.
You are too confused!
You are too confused!
Unknown command.
You are too confused!
You are too confused!
You hit Menkaure but do no damage.
You headbutt Menkaure, but do no damage.
Menkaure barely misses you.
You see here a +0 club.
Menkaure barely misses you.
You hit Menkaure but do no damage.
You feel less confused. Menkaure hits you!! Menkaure casts a spell at you.
You struggle to resist.
You closely miss Menkaure. Menkaure hits you but does no damage.
You hit Menkaure but do no damage.
You headbutt Menkaure, but do no damage.
Menkaure calls on the powers of darkness!
Your body is wracked with pain!
You hit Menkaure but do no damage. You headbutt Menkaure!
Menkaure is heavily damaged.
Menkaure hits you!
* * * LOW HITPOINT WARNING * * *
You hit Menkaure.
Menkaure is heavily damaged.
Menkaure hits you but does no damage.
You hit Menkaure.
Menkaure is heavily damaged.
Menkaure hits you but does no damage. Menkaure hits you!!
You die...

#.........# #.#≈≈≈≈≈###8...8
#.....##### #...≈≈...##.....
#.##..# #.........'..>..
#.##..############......≈≈##.....
.....................##≈≈###8...8
#.........######.######### ######
#########.# #.################
...# ##.## ##)##.#..#.......##
##.# #...# #.@M[........######
##.# #...# #.[).....##### # ##.#
#...# #.###..#.########## ##.#
#...# #...##[#..##.......
.).#####...####...#..#..##.......
.##...............#..#..##.......
............#######.)#...........
.##.........#....##..#..##.......
.#######...##....##).######......


You could see Menkaure (fast).

Vanquished Creatures
  A phantom (D:4)
  2 scorpions (D:4)
  A howler monkey (D:4)
  An orc priest (D:4)
  A gnoll shaman (D:4)
  2 hounds (D:4)
  3 orc wizards (D:4)
  Ijyb (D:4)
  A hound skeleton (D:4)
  A gnoll (D:1)
  5 adders
  An adder skeleton (D:4)
  2 worms
  A dart slug (D:4)
  10 orcs
  12 endoplasms
  3 giant cockroaches
  4 goblins
  5 hobgoblins
  5 quokkas
  8 ball pythons
  6 bats
  A frilled lizard (D:1)
  7 kobolds
  8 rats
92 creatures vanquished.

Notes
Turn   | Place    | Note
-------+----------+-------------------------------------------
     0 | D:1      | thiscave3701365 the Minotaur Berserker began the quest for
                  | the Orb.
     0 | D:1      | Reached XP level 1. HP: 19/19 MP: 0/0
   374 | D:1      | Reached XP level 2. HP: 27/27 MP: 1/1
   797 | D:1      | Found a faded altar of an unknown god.
  1238 | D:2      | Reached XP level 3. HP: 33/33 MP: 2/2
  1851 | D:2      | Found a broken altar of Ashenzari.
  2083 | D:2      | Reached ** piety under Trog
  2649 | D:3      | Reached XP level 4. HP: 38/41 MP: 3/3
  2787 | D:3      | Found a runed translucent gate.
  2804 | D:3      | Found a runed translucent gate.
  2804 | D:3      | Found a runed translucent gate.
  2836 | D:3      | Noticed Arandomuser85's ghost (weakling DEAE)
  3462 | D:4      | Noticed a phantom
  3465 | D:4      | Reached XP level 5. HP: 47/47 MP: 4/4
  3471 | D:4      | Killed a phantom
  3472 | D:4      | Reached skill level 5 in Axes
  3475 | D:4      | Noticed Ijyb
  3482 | D:4      | Killed Ijyb
  3483 | D:4      | Reached skill level 5 in Fighting
  3744 | D:4      | Reached XP level 6. HP: 56/56 MP: 5/5
  3853 | D:4      | Found a staircase to the Ecumenical Temple.
  4555 | D:4      | Reached XP level 7. HP: 46/62 MP: 6/6
  4768 | D:4      | Reached *** piety under Trog
  4771 | D:4      | Reached skill level 5 in Armour
  4859 | D:5      | Entered Level 5 of the Dungeon
  4859 | D:5      | Noticed Menkaure
  5634 | D:4      | Mangled by Menkaure

Illustrated notes

Levels and vault maps discovered:
D:1:      minmay_arrival_floating_metal, layout_loops_corners,
          shapermc_ecumenical_altar_notcrosses, minivault_11
D:2:      layout_basic, basic_altar
D:3:      layout_basic, gammafunk_ghost_icy
D:4:      minmay_chambers_of_twos, layout_loops_cross,
          minmay_temple_entry_fiery, minmay_fractal_squares_5, uniq_ijyb
D:5:      layout_rooms, serial_bayou_lagoon_a, uniq_grinder, uniq_menkaure

Skill      XL: |  1  2  3  4  5  6  7 |
---------------+----------------------+-----
Fighting       | 4 5 |  5.9
Axes           | 4 5 |  5.9
Armour         | 3 4 5 |  5.1
Dodging        | 3 4 |  4.7

Action                   |  1- 3 |  4- 6 |  7- 9 || total
-------------------------+-------+-------+-------++-------
Melee: Hand axe          |    89 |   118 |    21 ||   228
       Headbutt          |    14 |    18 |     4 ||    36
Invok: Berserk           |     1 |     3 |     1 ||     5
 Stab: Sleeping          |     2 |       |       ||     2
Armor: Animal skin       |    16 |       |       ||    16
       Chain mail        |     8 |    55 |    15 ||    78
Dodge: Dodged            |    52 |    43 |    20 ||   115
